 Dungeon Crawl Stone Soup version 0.30.1 (webtiles) character file.

Game seed: 5097179800341020572

3 safid the Chiller (level 1, 0/14 HPs)
             Began as a Merfolk Ice Elementalist on July 5, 2023.
             Slain by a kobold
             ... wielding a +0 short sword
              (2 damage)
             ... on level 1 of the Dungeon.
             The game lasted 00:00:21 (171 turns).

safid the Chiller (Merfolk Ice Elementalist)         Turns: 171, Time: 00:00:22

Health: 0/14       AC:  2    Str:  8    XL:     1   Next: 50%
Magic:  1/3        EV: 12    Int: 14    God:
Gold:   10         SH:  0    Dex: 14    Spells: 3/4 levels left

rFire   . . .        d - +0 whip
rCold   . . .        (no shield)
rNeg    . . .        a - +0 robe
rPois   .            (no helmet)
rElec   .            (no cloak)
rCorr   .            (no gloves)
SInv    .            (no boots)
Will    .....        (no amulet)
Stlth   ++           (no ring)
HPRegen 0.22/turn    (no ring)
MPRegen 0.08/turn

%: no passive effects
@: no status effects
A: (nimble swimmer 2), mertail
a: no special abilities


You were on level 1 of the Dungeon.
You visited 1 branch of the dungeon, and saw 1 of its levels.

You collected 10 gold pieces.

Inventory:

Hand Weapons
 d - a +0 whip (weapon)
Armour
 a - a +0 robe (worn)
Jewellery
 c - a ring of fire
Potions
 b - a potion of magic


   Skills:
 + Level 0.4 Fighting
 - Level 2.6 Dodging
 - Level 2.1 Stealth
 + Level 2.0 Spellcasting
 + Level 4.4 Ice Magic


You had 3 spell levels left.
You knew the following spells:

 Your Spells              Type           Power      Damage    Failure   Level
a - Freeze                Ice            52%        1d6       3%          1

Your spell library contained the following spells:

 Spells                   Type           Power      Damage    Failure   Level
 Frozen Ramparts          Ice            26%        1d4       12%         3
 Ozocubu's Armour         Ice            13%        N/A       12%         3
 Summon Ice Beast         Ice/Summ       7%         N/A       67%         4


Dungeon Overview and Level Annotations

Branches:
Dungeon (1/15)

Altars:


Innate Abilities, Weirdness & Mutations

((You are very nimble when in or above water. (Stealth+, EV+, Speed+++)))
Your lower body shifts to a powerful aquatic tail in water.


Message History

You closely miss the bat. The bat misses you.
You closely miss the kobold. The bat barely misses you.
The kobold hits you with a +0 short sword.
The bat hits you but does no damage.
You closely miss the bat. The bat hits you. The bat closely misses you.
The kobold hits you with a +0 short sword.
The bat misses you.
The kobold hits you with a +0 short sword.
* * * LOW HITPOINT WARNING * * *
You are too injured to fight recklessly!
You are too injured to fight recklessly!
You are too injured to fight recklessly!
You are too injured to fight recklessly!
You are too injured to fight recklessly!
You are too injured to fight recklessly!
You are too injured to fight recklessly!
You are too injured to fight recklessly!
You are too injured to fight recklessly!
You are too injured to fight recklessly!
You are too injured to fight recklessly!
Unknown command.
Casting: Freeze (safe; 3% risk of failure)
Confirm with . or Enter, or press ? or * to list all spells.
Aiming: Freeze (safe; 3% risk of failure)
Press: ? - help, Shift-Dir - straight line, f - bat
Aim: a bat You freeze the bat.
The bat is severely wounded.
The bat closely misses you. The bat barely misses you.
The kobold hits you with a +0 short sword.
* * * LOW HITPOINT WARNING * * *
Casting: Freeze (safe; 3% risk of failure)
Confirm with . or Enter, or press ? or * to list all spells.
Aiming: Freeze (safe; 3% risk of failure)
Press: ? - help, Shift-Dir - straight line, f/p - bat
Aim: a bat (severely wounded)
You freeze the bat!
You kill the bat!
The kobold hits you with a +0 short sword.
You die...

. .## ... #
#.# #.#.# #
#.#.##.#
##...K..#
##.##@#
###...#.##
.........##
###.......##
##.......##
#....$....#
##.......##
#+#
##...[.##
#.# ##...##


You could see a kobold.

Vanquished Creatures
  A bat (D:1)
  An endoplasm (D:1)
  A hobgoblin (D:1)
  A ball python (D:1)
4 creatures vanquished.

Notes
Turn   | Place    | Note
-------+----------+-------------------------------------------
     0 | D:1      | safid the Merfolk Ice Elementalist began the quest for the
                  | Orb.
     0 | D:1      | Reached XP level 1. HP: 13/13 MP: 3/3
   171 | D:1      | Slain by a kobold

Illustrated notes

Levels and vault maps discovered:
D:1:      eino_arrival_druids_welcome, layout_loops_corners

Action                     || total
---------------------------++-------
  Melee: Whip              ||     5
         Unarmed           ||     1
   Cast: Freeze            ||     8
 Armour: Robe              ||     5
  Dodge: Dodged            ||    14
